 Dungeon Crawl Stone Soup version 0.28-a0-983-g1de4e0787c (webtiles) character file.

Game seed: 14667738793979754966

557 Decritt the Gusty (level 7, -1/43 HPs)
             Began as a Tengu Air Elementalist on Dec 3, 2021.
             Slain by a sky beast (5 damage)
             ... on level 3 of the Dungeon.
             The game lasted 00:12:49 (7277 turns).

Decritt the Gusty (Tengu Air Elementalist)          Turns: 7277, Time: 00:12:50

Health: -1/43      AC:  2    Str:  9    XL:     7   Next: 30%
Magic:  12/12      EV: 15    Int: 17    God:
Gold:   89         SH:  0    Dex: 14    Spells: 4/12 levels left

rFire   . . .      SeeInvis .   l - +3 whip
rCold   . . .      Faith    .   (no shield)
rNeg    . . .      Spirit   .   a - +0 robe
rPois   .          Reflect  .   (helmet restricted)
rElec   .          Harm     .   (no cloak)
rCorr   .          Rampage  .   (no gloves)
Will    .....                   (boots unavailable)
Stlth   ++........              (no amulet)
HPRegen 0.14/turn               c - ring of wizardry
MPRegen 0.13/turn               (no ring)

@: flying quickly and evasively, studying Throwing, quick
A: beak, talons 3, nimble flight
a: no special abilities


You were on level 3 of the Dungeon.
You visited 1 branch of the dungeon, and saw 5 of its levels.

You collected 89 gold pieces.

Inventory:

Hand Weapons
 f - a +1 short sword of holy wrath
 l - a +3 whip (weapon)
Armour
 a - a +0 robe (worn)
Magical Staves
 d - a staff of fire
Jewellery
 c - a ring of wizardry (left hand)
Scrolls
 b - a scroll of magic mapping {unknown}
 h - a scroll of holy word {unknown}
 i - 2 scrolls of immolation {unknown}
 j - a scroll of blinking {unknown}
 k - a scroll of fear {unknown}
Potions
 e - a potion of brilliance {unknown}
 g - a potion of haste {unknown}


   Skills:
 * Level 4.2 Fighting
 + Level 2.6 Dodging
 - Level 2.0 Stealth
 - Level 3.1 Spellcasting
 - Level 3.7 Conjurations
 * Level 7.0 Air Magic


You had 4 spell levels left.
You knew the following spells:

 Your Spells              Type           Power      Damage    Failure   Level
a - Shock                 Conj/Air       84%        1d8       1%          1
b - Airstrike             Air            13%        N/A       4%          4
c - Swiftness             Air            26%        N/A       1%          3

Your spell library contained the following spells:

 Spells                   Type           Power      Damage    Failure   Level
 Static Discharge         Conj/Air       21%        N/A       1%          2
 Slow                     Hex            8%         N/A       7%          1
 Call Canine Familiar     Summ           2%         N/A       21%         3
 Confusing Touch          Hex            2%         N/A       21%         3
 Portal Projectile        Hex/Tloc       4%         N/A       21%         3
 Vampiric Draining        Necr           2%         2d6       21%         3
 Leda's Liquefaction      Hex/Erth       1%         N/A       52%         4


Dungeon Overview and Level Annotations

Branches:
Dungeon (5/15)
 Temple: D:4-7

Altars:
Ru
Sif Muna
The Shining One


Innate Abilities, Weirdness & Mutations

You have a beak for a mouth.
You have claws for feet.
Your magical nature lets you fly swiftly and evasively.


Message History

The quokka skeleton bites you.
* * * LOW HITPOINT WARNING * * *
You closely miss the quokka skeleton.
The quokka skeleton is severely damaged.
The quokka skeleton misses you.
You barely miss the quokka skeleton. You claw the quokka skeleton.
You destroy the quokka skeleton!
You hit the sky beast but do no damage.
The sky beast is lightly wounded.
The sky beast barely misses you.
You hit the sky beast. Your kick misses the sky beast.
The sky beast is moderately wounded.
The sky beast barely misses you.
You completely miss the sky beast.
The sky beast is moderately wounded.
The sky beast hits you.
* * * LOW HITPOINT WARNING * * *
The sky beast shocks you.
* * * LOW HITPOINT WARNING * * *
You barely miss the sky beast.
The sky beast is moderately wounded.
The sky beast closely misses you.
You miss the sky beast. You claw the sky beast.
The sky beast is moderately wounded.
The sky beast closely misses you.
Unknown command.
You closely miss the sky beast. Your kick misses the sky beast.
You peck the sky beast.
The sky beast is moderately wounded.
The sky beast flickers out of sight!
Deactivating autopickup; reactivate with Ctrl-A.
Something hits you but does no damage.
You miss something. Something hits you.
* * * LOW HITPOINT WARNING * * *
Something shocks you.
* * * LOW HITPOINT WARNING * * *
Something hits you.
* * * LOW HITPOINT WARNING * * *
Something shocks you.
You die...

### ###########.####
#..{§Y.........#
#.#########.#### #.#
#(##<### #.# #.##@§§###
#.# #..{§8§§P# #Y#
####.§§§.#
#.##########.#§§§§P#
###..........#.#§§.§§#
.>#..######.##.#########
#.#..........#.........#
#.#§....##..##.#######.#
..#...#.##..##.# #.#


There were no monsters in sight!

Vanquished Creatures
  An orc warrior (D:3)
  A wyvern zombie (D:4)
  A jelly (D:4)
  A gnoll shaman (D:4)
  2 hounds
  3 iguanas
  A hound zombie (D:3)
  A hound skeleton (D:5)
  5 gnolls
  3 adders
  An adder skeleton (D:3)
  A worm (D:2)
  4 orcs
  10 endoplasms
  6 giant cockroaches
  9 goblins
  6 hobgoblins
  2 jackals (D:1)
  8 kobolds
  5 quokkas
  7 ball pythons
  2 ball python skeletons (D:3)
  4 bats
  6 frilled lizards
  2 quokka skeletons (D:3)
  9 rats
101 creatures vanquished.

Vanquished Creatures (others)
  4 withered plants (D:3)
4 creatures vanquished.

Grand Total: 105 creatures vanquished

Notes
Turn   | Place    | Note
-------+----------+-------------------------------------------
     0 | D:1      | Decritt the Tengu Air Elementalist began the quest for the
                  | Orb.
     0 | D:1      | Reached XP level 1. HP: 10/10 MP: 4/4
   583 | D:1      | Reached XP level 2. HP: 16/16 MP: 3/6
   899 | D:1      | Reached skill level 1 in Fighting
  1255 | D:1      | Reached XP level 3. HP: 20/20 MP: 3/7
  1570 | D:1      | Found a faded altar of an unknown god.
  2188 | D:2      | Reached skill level 5 in Air Magic
  2188 | D:2      | Reached XP level 4. HP: 14/26 MP: 1/8
  2960 | D:3      | Found a sacrificial altar of Ru.
  3010 | D:3      | Found a shimmering blue altar of Sif Muna.
  3011 | D:3      | Found a glowing golden altar of the Shining One.
  3471 | D:3      | Gained mutation: Your magical nature lets you fly swiftly
                  | and evasively. [Tengu growth]
  3471 | D:3      | Reached XP level 5. HP: 18/31 MP: 3/9
  3728 | D:3      | Learned a level 4 spell: Airstrike
  3732 | D:3      | Learned a level 3 spell: Swiftness
  4583 | D:4      | Noticed an orc warrior
  5027 | D:3      | Killed an orc warrior
  5028 | D:3      | Reached skill level 6 in Air Magic
  5028 | D:3      | Reached XP level 6. HP: 23/37 MP: 1/11
  6529 | D:4      | Reached XP level 7. HP: 42/42 MP: 7/12
  6893 | D:4      | Reached skill level 7 in Air Magic
  7174 | D:5      | Entered Level 5 of the Dungeon
  7277 | D:3      | Slain by a sky beast

Illustrated notes

Levels and vault maps discovered:
D:1:      dpeg_arrival_water_temple_mockup, layout_loops_corners,
          ebering_ecumenical_altar_webs
D:2:      layout_loops_cross
D:3:      layout_basic, grunt_temple_overflow_open, serial_undead,
          serial_undead_a, serial_undead_e, serial_undead_e, serial_undead_a,
          serial_undead_b, serial_undead_e
D:4:      layout_loops_ring, kennysheep_cross_room,
          chequers_serial_rivers_small_a
D:5:      layout_cave_pools, minmay_temple_entry_wispy, grunt_tough_drop

Skill      XL: |  1  2  3  4  5  6  7 |
---------------+----------------------+-----
Fighting       | 1 2 3 4 |  4.2
Conjurations   | 2 3 |  3.7
Air Magic      | 5 6 7 |  7.0
Spellcasting   | 3 |  3.1
Dodging        | |  2.6
Stealth        | |  2.0

Action                   |  1- 3 |  4- 6 |  7- 9 || total
-------------------------+-------+-------+-------++-------
Melee: Trident           |    15 |       |       ||    15
       Kick              |     5 |     8 |     5 ||    18
       Peck              |     1 |     5 |     2 ||     8
       Short sword       |     4 |    23 |       ||    27
       Staff             |     2 |       |       ||     2
       Whip              |       |     4 |    16 ||    20
 Cast: Shock             |    88 |    97 |    20 ||   205
       Airstrike         |       |    11 |     2 ||    13
       Swiftness         |       |     1 |       ||     1
 Stab: Sleeping          |     1 |     1 |       ||     2
Armor: Robe              |     6 |     3 |     3 ||    12
Dodge: Dodged            |    20 |    48 |    18 ||    86

Table legend: (Time is in decaauts)
 A = Elapsed time spent in this place.
 B = Non-inter-level travel time spent in this place.
 C = Inter-level travel time spent in this place.
 D = Time resting spent in this place.
 E = Time spent auto-exploring this place.
 F = Levels seen in this place.
 G = Mean time per level.
                   A        B        C        D        E       F      G
               +--------+--------+--------+--------+--------+-----+--------+
         Total |   7145 |   7029 |    116 |   2415 |   3696 |   5 | 1429.0 |
       Dungeon |   7145 |   7029 |    116 |   2415 |   3696 |   5 | 1429.0 |
               +--------+--------+--------+--------+--------+-----+--------+

Top non-repeatable levels by time:
     D:3: 2717 daAuts
     D:1: 1762 daAuts
     D:4: 1362 daAuts
     D:2: 1294 daAuts
     D:5: 8 daAuts
